AoeStats
← 用户1623433

Lombardia

508871063Analyzed
4v4 RM · 9d ago on Sep 24, 2026· 59m 48s· 8 players
Game mode
Random Map
Map size
Large (8 player)
Population
200
Speed
Normal
Resources
Standard
Victory
Conquest
Starting age
Dark Age
Ending age
Imperial Age
RankedLock teamsTeams togetherTeam positionsShared explorationLock speedFull tech treeHidden civsTurbo modeCheats
Victory
Defeat
🇪🇸 Huns · Spain
1185
+15
🇨🇿 Franks · Czechia
1180
+15
🇩🇪 Lithuanians · Germany
1175
+16
🇪🇸 Khmer · Spain
1155
+16
🇺🇿 Saxons · Uzbekistan
1187
-17
🇹🇼 Turks · Taiwan
1184
-16
🇨🇳 Ethiopians · China
1152
-15
🇨🇳 Huns · China
1133
-14
用户1623433
10:54 Feudal Age
12:16 Loom
15:20 Double-Bit Axe
20:25 Castle Age
18:35 Horse Collar
19:31 Gold Mining
20:46 Crossbowman
22:29 Gold Shaft Mining
22:21 Thumb Ring
27:02 Wheelbarrow
26:32 Squires
26:37 Fletching
27:49 Bodkin Arrow
28:30 Bow Saw
28:46 Arson
31:54 Forging
31:47 Scale Mail Armor
33:32 Iron Casting
34:39 Hand Cart
34:59 Chain Mail Armor
41:52 Imperial Age
40:13 Guard Tower
41:55 Scale Barding Armor
41:52 Padded Archer Armor
41:47 Stone Mining
43:54 Blast Furnace
43:24 Plate Mail Armor
42:24 Halberdier
43:54 Town Watch
44:12 Bracer
44:57 Stone Shaft Mining
45:37 Elite Shotel Warrior
53:02 Royal Heirs
58:16 Scale Barding Armor
蛋雕
10:10 Loom
11:55 Feudal Age
16:42 Castle Age
14:46 Double-Bit Axe
15:25 Town Watch
15:26 Horse Collar
17:08 Stone Mining
20:43 Bow Saw
25:36 Wheelbarrow
26:37 Fletching
27:00 Heavy Plow
28:22 Gold Mining
29:17 Scale Barding Armor
33:31 Imperial Age
31:20 Hand Cart
32:10 Gold Shaft Mining
31:41 Bodkin Arrow
32:09 Ballistics
32:00 Masonry
33:20 Town Patrol
33:47 Bloodlines
33:38 Husbandry
34:34 Fortified Wall
34:08 Treadmill Crane
34:41 Bracer
36:07 Thumb Ring
36:49 Conscription
37:17 Hoardings
37:47 Two-Man Saw
37:20 Architecture
37:04 Padded Archer Armor
39:15 Leather Archer Armor
39:23 Murder Holes
39:51 Bombard Tower
39:50 Squires
40:13 Scale Mail Armor
41:09 Ring Archer Armor
40:20 Cavalier
41:26 Chain Barding Armor
41:15 Caravan
41:10 Heavy Camel Rider
42:01 Forging
42:03 Artillery
42:51 Guilds
43:47 Plate Barding Armor
45:23 Iron Casting
49:19 Coinage
50:13 Blast Furnace
52:02 Sappers
53:15 Banking
karbid
3:31 Loom
10:40 Feudal Age
17:34 Castle Age
15:27 Double-Bit Axe
16:43 Horse Collar
19:16 Wheelbarrow
25:31 Ballistics
26:47 Hand Cart
26:34 Pikeman
27:41 Town Watch
28:44 Squires
30:16 Heavy Plow
30:29 Bow Saw
31:12 Fortified Wall
32:21 Gold Mining
34:07 Gold Shaft Mining
37:26 Imperial Age
34:46 Gambesons
35:07 Arson
35:54 Forging
35:44 Scale Mail Armor
37:32 Shield Wall
37:37 Halberdier
38:23 Murder Holes
39:19 Conscription
39:50 Iron Casting
39:31 Chain Mail Armor
40:48 Hoardings
41:59 Plate Mail Armor
42:31 Chemistry
41:35 Fletching
44:42 Masonry
45:13 Caravan
45:58 Architecture
45:33 Bodkin Arrow
47:59 Husbandry
48:10 Bloodlines
48:18 Man-at-Arms
50:13 Two-Man Saw
49:51 Crop Rotation
48:53 Capped Ram
49:49 Siege Ram
51:19 Siege Engineers
52:23 Bracer
52:11 Long Swordsman
53:41 Two-Handed Swordsman
54:57 Champion
MEMS
11:12 Feudal Age
12:58 Double-Bit Axe
13:13 Horse Collar
15:34 Castle Age
15:05 Gold Mining
15:08 Fletching
15:19 Padded Archer Armor
16:27 Wheelbarrow
24:13 Leather Archer Armor
25:40 Stone Mining
29:44 Bodkin Arrow
33:23 Imperial Age
31:20 Scale Barding Armor
31:59 Hand Cart
31:29 Loom
31:57 Forging
31:37 Light Cavalry
32:27 Bloodlines
32:18 Husbandry
32:38 Town Watch
34:39 Iron Casting
34:28 Conscription
34:38 Ballistics
34:14 Murder Holes
34:12 Cavalier
35:40 Chain Barding Armor
35:48 Guilds
37:05 Gold Shaft Mining
36:31 Paladin
37:53 Bow Saw
37:46 Bracer
38:30 Plate Barding Armor
39:01 Blast Furnace
40:18 Chemistry
43:06 Scale Mail Armor
43:53 Hussar
49:14 Heavy Plow
49:32 Elite Tarkan
50:33 Atheism
50:16 Marauders
49:47 Sappers
50:34 Chain Mail Armor
52:11 Caravan
DESTINNI
4:49 Loom
10:56 Feudal Age
17:52 Castle Age
17:23 Scale Barding Armor
18:08 Forging
19:14 Chain Barding Armor
19:34 Double-Bit Axe
23:01 Gold Mining
23:23 Bow Saw
23:05 Stone Mining
27:30 Wheelbarrow
26:41 Town Watch
29:59 Imperial Age
30:56 Hand Cart
31:42 Gold Shaft Mining
32:15 Fletching
32:31 Husbandry
33:15 Caravan
33:33 Bodkin Arrow
33:43 Ordonnance Companies
34:44 Conscription
34:26 Padded Archer Armor
35:51 Leather Archer Armor
35:32 Cranequins
35:33 Heavy Mounted Crossbowman
36:29 Elite Throwing Axeman
39:07 Chemistry
38:28 Ballistics
38:33 Murder Holes
40:08 Masonry
41:11 Pikeman
41:51 Squires
41:36 Arson
41:53 Scale Mail Armor
42:28 Iron Casting
42:51 Plate Barding Armor
41:41 Halberdier
42:56 Chain Mail Armor
46:37 Cavalier
48:07 Chivalry
48:44 Hoardings
49:15 Town Patrol
49:53 Plate Barding Armor
50:19 Blast Furnace
51:14 Paladin
55:14 Fortified Wall
55:35 Architecture
54:45 Treadmill Crane
55:11 Siege Engineers
Greiffović
8:47 Loom
11:09 Feudal Age
15:28 Castle Age
13:52 Double-Bit Axe
15:25 Horse Collar
15:53 Scale Barding Armor
19:05 Fervor
19:19 Bow Saw
20:25 Wheelbarrow
21:48 Stone Mining
25:44 Heavy Plow
27:01 Forging
26:55 Husbandry
32:06 Imperial Age
31:06 Fortified Wall
32:08 Iron Casting
31:54 Chain Barding Armor
31:47 Bloodlines
32:11 Cavalier
34:56 Plate Barding Armor
34:18 Paladin
35:57 Stone Shaft Mining
35:13 Gold Mining
36:11 Conscription
38:25 Hand Cart
38:57 Fletching
39:07 Scale Mail Armor
39:08 Padded Archer Armor
40:28 Bodkin Arrow
40:55 Ballistics
41:36 Chemistry
41:09 Chain Mail Armor
41:58 Two-Man Saw
41:30 Crop Rotation
40:38 Elite Skirmisher
41:24 Thumb Ring
41:37 Bracer
41:53 Leather Archer Armor
42:27 Gold Mining
43:52 Pikeman
44:32 Squires
44:18 Arson
44:53 Halberdier
47:02 Ring Archer Armor
46:31 Town Watch
49:20 Murder Holes
49:05 Treadmill Crane
52:31 Town Patrol
52:46 Masonry
55:40 Tower Shields
55:41 Hill Forts
58:25 Caravan
Jota
12:24 Feudal Age
17:43 Castle Age
16:04 Double-Bit Axe
19:14 Bow Saw
20:22 Wheelbarrow
22:23 Horse Collar
25:17 Hand Cart
24:49 Loom
26:33 Gold Mining
31:26 Imperial Age
29:43 Gold Shaft Mining
29:22 Stone Mining
29:54 Caravan
31:15 Heavy Plow
31:52 Ballistics
32:46 Stone Shaft Mining
32:51 Crop Rotation
32:28 Double Crossbow
32:49 Conscription
33:04 Elite Ballista Elephant
34:09 Fortified Wall
34:46 Scale Barding Armor
35:21 Forging
35:03 Fletching
35:14 Padded Archer Armor
36:16 Chemistry
35:24 Siege Engineers
35:40 Bloodlines
36:02 Bodkin Arrow
36:29 Chain Barding Armor
36:26 Husbandry
38:27 Plate Barding Armor
38:29 Iron Casting
39:06 Town Watch
39:23 Bracer
39:40 Leather Archer Armor
40:26 Blast Furnace
40:20 Scale Mail Armor
40:52 Ring Archer Armor
42:19 Town Patrol
42:56 Masonry
42:42 Murder Holes
43:04 Chain Mail Armor
45:57 Architecture
45:38 Clinker Construction
45:19 Guard Tower
45:20 Heated Shot
45:36 Siphons
45:42 Careening
49:17 Tusk Swords
48:42 Light Cavalry
El Boss
4:31 Loom
10:13 Feudal Age
10:42 Double-Bit Axe
10:40 Horse Collar
13:03 Stone Mining
13:10 Gold Mining
20:24 Castle Age
21:17 Bow Saw
21:11 Caravan
21:53 Gold Shaft Mining
21:40 Heavy Plow
29:58 Imperial Age
27:39 Husbandry
31:56 Two-Man Saw
32:48 Conscription
34:04 Wheelbarrow
34:23 Forging
34:48 Bloodlines
34:56 Marauders
35:39 Hand Cart
35:11 Town Watch
36:53 Murder Holes
37:08 Masonry
37:21 Scale Barding Armor
37:52 Iron Casting
37:54 Town Patrol
38:19 Elite Tarkan
41:59 Blast Furnace
41:20 Chain Barding Armor
42:54 Plate Barding Armor
42:11 Fletching
Connection lost

Rejoining the realm…

Still unreachable

The connection could not be restored.

Session expired

The server has moved on; the page needs a fresh start.